 Dungeon Crawl Stone Soup version 0.30-a0-1114-gd936c97349 (webtiles) character file.

Game seed: 9011840813108812047

3 Anamonty the Insei (level 1, -1/13 HPs)
             Began as an Octopode Transmuter on Apr 21, 2023.
             Slain by a jackal (2 damage)
             ... on level 2 of the Dungeon.
             The game lasted 00:00:12 (138 turns).

Anamonty the Insei (Octopode Transmuter)             Turns: 138, Time: 00:00:13

Health: -1/13      AC:  1    Str:  9    XL:     1   Next: 50%
Magic:  2/3        EV: 13    Int: 15    God:
Gold:   0          SH:  0    Dex: 12    Spells: 3/4 levels left

rFire   . . .      SeeInvis .      - Unarmed
rCold   . . .      Faith    .    (no shield)
rNeg    . . .      Spirit   .    (helmet currently unavailable)
rPois   .          Reflect  .    (no amulet)
rElec   .          Rampage  .    (no ring)
rCorr   .                        (no ring)
Will    .....                    (no ring)
Stlth   ++                       (no ring)
HPRegen 0.22/turn                (no ring)
MPRegen 0.08/turn                (no ring)
                                 (no ring)
                                 (no ring)

@: appendages
A: tentacle spike 3, almost no armour, amphibious, 8 rings, camouflage 1,
gelatinous body 1, (nimble swimmer 1), tentacles
a: End Transformation


You were on level 2 of the Dungeon.
One of your tentacles had grown a beastly spike.
You visited 1 branch of the dungeon, and saw 2 of its levels.

Inventory:

Potions
 a - a potion of lignification


   Skills:
 * Level 1.1 Fighting
 + Level 2.0 Dodging
 + Level 3.0 Unarmed Combat
 + Level 2.0 Spellcasting
 * Level 2.0 Transmutations


You had 3 spell levels left.
You knew the following spells:

 Your Spells              Type           Power      Damage    Failure   Level
a - Beastly Appendage     Tmut           14%        N/A       10%         1

Your spell library contained the following spells:

 Spells                   Type           Power      Damage    Failure   Level
 Wereblood                Tmut           7%         N/A       14%         2
 Spider Form              Tmut/Pois      4%         N/A       41%         3
 Ice Form                 Ice/Tmut       4%         N/A       82%         4


Dungeon Overview and Level Annotations

Branches:
Dungeon (1/15)

Altars:


Innate Abilities, Weirdness & Mutations

One of your tentacles has grown a beastly spike.
You cannot wear most types of armour.
You are amphibious.
You can wear up to eight rings at the same time.
Your skin changes colour to match your surroundings (Stealth+).
Your rubbery body absorbs attacks. (AC +1, EV +1)
((You are camouflaged when in or above water. (Stealth+)))
You have tentacles for arms and can constrict up to eight enemies at once.


Message History

A kobold comes into view. It is wielding a +0 dagger.
The kobold shouts!
You tentacle-slap the kobold. You grab the kobold.
The kobold is heavily wounded.
You constrict the kobold.
You kill the kobold!
You see here a +0 dagger.
Found an escape hatch in the ceiling.
A jackal comes into view.
A jackal is nearby!
A jackal is nearby!
A jackal comes into view.
Casting: Beastly Appendage (safe; 10% risk of failure)
Confirm with . or Enter, or press ? or * to list all spells.
You don't know that spell.
A jackal comes into view.
You tentacle-slap the jackal. You grab the jackal.
The jackal is moderately wounded.
You constrict the jackal. The jackal bites you.
You tentacle-slap the jackal.
You kill the jackal!
A jackal comes into view.
Casting: Beastly Appendage (safe; 10% risk of failure)
Confirm with . or Enter, or press ? or * to list all spells.
One of your tentacles grows a vicious spike.
Unknown command.
The jackal barks! x3
The jackal bites you. x2
The jackal bites you. The jackal closely misses you. The jackal misses you.
The jackal bites you. The jackal barely misses you.
The jackal closely misses you.
You are too injured to fight recklessly!
You are too injured to fight recklessly!
You are too injured to fight recklessly!
The jackal misses you. The jackal attacks as you move away!
The jackal bites you.
* * * LOW HITPOINT WARNING * * *
The jackal barely misses you. The jackal closely misses you.
The jackal bites you.
You die...

#.##.##.# #.#
#.##.##.# #..
#.......######## ..#
####.#####.....# ..#
#.......##.....# ...
#.##.##.##..#..#
#.##.##.##....h#
#)##.##.##...hh#
#.##.##.######@#
#.##.##.# #.#
#.......# #.#
####.#### #.######..
#.# ###.........
#.#######<..........
#.......#.##.#.##.##
#######.#.##.#.#
#......# #


You could see 3 jackals.

Vanquished Creatures
  A jackal (D:2)
  2 kobolds (D:2)
3 creatures vanquished.

Notes
Turn   | Place    | Note
-------+----------+-------------------------------------------
     0 | D:1      | Anamonty the Octopode Transmuter began the quest for the
                  | Orb.
     0 | D:1      | Reached XP level 1. HP: 13/13 MP: 3/3
    27 | D:1      | You fall into a shaft and drop 1 floor!
   138 | D:2      | Slain by a jackal

Illustrated notes

Levels and vault maps discovered:
D:1:      dpeg_arrival_renting, layout_basic
D:2:      cheibrodos_old_hovel, layout_loops_cross, minmay_goblin_kobold_house

Action                     || total
---------------------------++-------
  Melee: Unarmed           ||     4
         Constrict         ||     2
   Cast: Beastly Appendage ||     1
  Dodge: Dodged            ||     7

Table legend: (Time is in decaauts)
 A = Elapsed time spent in this place.
 B = Non-inter-level travel time spent in this place.
 C = Inter-level travel time spent in this place.
 D = Time resting spent in this place.
 E = Time spent auto-exploring this place.
 F = Levels seen in this place.
 G = Mean time per level.
                   A        B        C        D        E       F      G
               +--------+--------+--------+--------+--------+-----+--------+
         Total |    137 |    137 |      0 |      0 |    114 |   2 |   68.5 |
       Dungeon |    137 |    137 |      0 |      0 |    114 |   2 |   68.5 |
               +--------+--------+--------+--------+--------+-----+--------+

Top non-repeatable levels by time:
     D:2: 110 daAuts
     D:1: 27 daAuts
